Cogmind - Beta 16 @@@ ROGUE MODE // 2025.11.12 @ 05:12:38 Player: Thesoulkiller104 Result: Self-destructed Performance ------------- Evolutions (5) 2500 Regions Visited (10) 2000 Robots Destroyed (57) 285 Value Destroyed (2043) 2043 Prototype IDs (25) 500 Alien Tech Used (0) 0 Bonus (300) 300 TOTAL SCORE: 7628 Bonus ------- Aligned with FarCom 300 Cogmind --------- Core Integrity 705/1000 Matter 185/300 Energy 100/100 System Corruption 0% Temperature Cool (0) Movement Walking (105) Location -5/Upper Caves Parts ------- > --- POWER (2) -------- (None) > --- PROPULSION (3) --- Thunder Leg Potential Leg > --- UTILITY (8) ------ Coolant Injector Enhanced Optical Array Advanced Signal Interpreter Advanced Melee Analysis Suite Advanced Melee Analysis Suite Target Analyzer Improved Target Analyzer > --- WEAPON (4) ------- Chainsword (fused) > --- INVENTORY (5) ---- Thunder Leg Thunder Leg Hacking Suite Relay Coupler [Hunter] (14) Peak State ------------ > --- POWER ------------ Angular Momentum Engine Micro Fission Core > --- PROPULSION ------- Thunder Leg Thunder Leg Potential Leg > --- UTILITY ---------- Coolant Injector Enhanced Optical Array Advanced Signal Interpreter Advanced Melee Analysis Suite Advanced Melee Analysis Suite Target Analyzer Improved Target Analyzer Improved Shield Generator > --- WEAPON ----------- Gauss Cannon Remote Datajack Chainsword > --- INVENTORY -------- Thunder Leg Thunder Leg Improved Focal Shield Hacking Suite [Rating: 83] Favorites ----------- Power Micro Nuclear Core Engine Angular Momentum Engine Power Core Micro Nuclear Core Propulsion Potential Leg Leg Potential Leg Hover Unit Gravmag System Flight Unit Flight Unit Utility Advanced Melee Analysis Suite Device Microactuators Storage Small Storage Unit Processor Advanced Melee Analysis Suite Weapon Chainsword Energy Gun Thermic Laser Energy Cannon Ion Cannon Ballistic Gun Light Assault Rifle Ballistic Cannon Gauss Cannon Special Weapon Remote Datajack Impact Weapon Heavy Mace Slashing Weapon Chainsword Build | -11 -10 -10 -10 -9 -8 -7 -6 -6 -5 -5 ------- Run | Yrd Mat Min Exi Min Mat Fac Fac Ext Fac Upp Slots Evolved 10 | . . . . . 4 2 2 . 2 . Power 1 | . . . . . . . 1 . . . Propulsion 1 | . . . . . . 1 . . . . Utility 6 | . . . . . 4 1 1 . . . Weapon 2 | . . . . . . . . . 2 . Parts Attached 77 | 6 5 3 3 2 10 7 16 17 8 . Power 14 | 1 1 . . . 1 1 6 3 1 . Engine 7 | 1 1 . . . 1 . 2 2 . . Core 7 | . . . . . . 1 4 1 1 . Reactor . | . . . . . . . . . . . Propulsion 19 | 2 2 2 2 1 . 2 1 5 2 . Treads . | . . . . . . . . . . . Leg 10 | 2 2 . 2 . . . . 2 2 . Wheel . | . . . . . . . . . . . Hover 3 | . . . . . . 2 1 . . . Flight 6 | . . 2 . 1 . . . 3 . . Utility 32 | 1 1 1 1 1 7 3 7 6 4 . Device 19 | . 1 1 . . 4 3 5 4 1 . Storage 4 | 1 . . 1 1 . . . 1 . . Processor 9 | . . . . . 3 . 2 1 3 . Hackware . | . . . . . . . . . . . Protection . | . . . . . . . . . . . Artifact . | . . . . . . . . . . . Weapon 12 | 2 1 . . . 2 1 2 3 1 . Energy Gun 3 | 1 . . . . . . 2 . . . Energy Cannon 1 | . . . . . 1 . . . . . Ballistic Gun 4 | 1 1 . . . . . . 2 . . Ballistic Cannon 1 | . . . . . . . . 1 . . Launcher . | . . . . . . . . . . . Special Weapon 1 | . . . . . . . . . 1 . Impact Weapon 1 | . . . . . 1 . . . . . Slashing Weapon 1 | . . . . . . 1 . . . . Piercing Weapon . | . . . . . . . . . . . Special Melee Weapon . | . . . . . . . . . . . Unidentified Prototypes . | . . . . . . . . . . . Parts Lost 24 | . 3 1 . . . . 3 11 1 5 Power 6 | . 1 . . . . . 1 2 . 2 Propulsion 7 | . 1 . . . . . 1 4 . 1 Utility 6 | . . . . . . . 1 4 1 . Weapon 5 | . 1 1 . . . . . 1 . 2 Highest Loss Streak 5 | . 2 1 . . . . 3 5 1 5 To Critical Strikes . | . . . . . . . . . . . Average Backups 4 | . 5 5 5 5 4 4 4 5 4 4 Power . | . . . . . . . . . . . Propulsion 1 | . 3 3 3 2 2 1 1 . . 2 Utility 2 | . 1 2 2 2 2 2 2 3 1 2 Weapon . | . . . . . . . . 1 1 . Tool/Special . | . . . . . . . . . . . Unused Backups 18 | . . . 1 . 1 3 2 5 2 4 Power 1 | . . . . . . 1 . . . . Propulsion 4 | . . . 1 . . . 1 . . 2 Utility 9 | . . . . . . 2 1 3 1 2 Weapon 4 | . . . . . 1 . . 2 1 . Tool/Special . | . . . . . . . . . . . Average Slot Usage (%) 85 | . 98 75 73 79 71 81 88 94 80 85 Engine 5 | . 13 14 14 14 9 3 5 . 5 4 Core 5 | . . . . . . 3 6 11 5 5 Leg 9 | . 28 2 12 18 . . 3 17 9 15 Hover 2 | . . . . . . 2 11 . . . Flight 4 | . . 24 15 9 18 12 . . . . Device 23 | . 13 14 14 14 23 27 30 28 14 5 Storage 2 | . 14 4 2 8 . . . 1 . . Processor 17 | . . . . . 11 23 22 20 30 35 Energy Gun 1 | . 5 2 . . . . . 4 . . Ballistic Gun 4 | . 22 14 14 14 4 . . 1 . . Slashing Weapon 3 | . . . . . . 4 5 5 5 5 Peak Build Rating 83 | 6 7 7 24 24 23 38 72 78 83 79 Average Rating 45 | 5 6 5 13 17 15 28 57 71 69 76 On Entrance 28 | . 6 7 5 24 7 20 38 71 54 79 Avg Prop Armor Cover (%) 11 | . . . . . . 11 . . . . Naked Turns . | . . . . . . . . . . . Heaviest Build 48 | 11 15 13 48 48 14 17 32 40 36 32 Greatest Support 84 | 20 20 10 60 60 19 19 69 84 76 76 Greatest Overweight (x) 4 | . . 1 . . . . 1 4 1 . Average Overweight (x) . | . . . . . . . . . . . Largest Inventory Capacity 20 | 8 8 8 20 20 5 5 5 10 5 5 Average Capacity 5 | 7 8 5 7 14 5 5 5 6 5 5 Most Carried 10 | 3 7 8 5 5 5 5 5 10 5 5 Average Carried 4 | . 5 5 4 4 4 4 4 5 4 4 Final Capacity 20 | 8 8 5 20 5 5 5 5 5 5 5 Final Carried 7 | 1 7 5 5 5 5 5 4 4 5 4 Class Distribution -------------------- 52% | Mutant 25% | Assassin 9% | Scout 5% | Scavenger-Assassin 4% | Ninja Dominant Class ---------------- Mutant | -10/Materials Mutant | -10/Mines Mutant | -10/Exiles Mutant | -9/Mines Mutant | -8/Materials Mutant | -7/Factory Assassin | -6/Factory Assassin | -6/Extension Mutant | -5/Factory Mutant | -5/Upper Caves Resources | -11 -10 -10 -10 -9 -8 -7 -6 -6 -5 -5 ----------- Run | Yrd Mat Min Exi Min Mat Fac Fac Ext Fac Upp Matter Collected 1457 | 121 385 . . . 144 110 376 232 60 29 Remotely . | . . . . . . . . . . . Salvage Created 2640 | . 555 . . . 239 176 909 606 111 44 Parts 136 | . 37 . . . 3 7 54 25 8 2 Haulers Intercepted 2 | . . . . . . 2 . . . . Recyclers Shooed 1 | . . . . . . . 1 . . . Parts Field Recycled . | . . . . . . . . . . . Retrieved Matter . | . . . . . . . . . . . Parts Self-Destructed 4 | . . . . . . . . . . 4 Prevented . | . . . . . . . . . . . Parts Restored . | . . . . . . . . . . . Kills | -11 -10 -10 -10 -9 -8 -7 -6 -6 -5 -5 ------- Run | Yrd Mat Min Exi Min Mat Fac Fac Ext Fac Upp Combat Hostiles Destroyed 40 | . 15 . . . 1 2 11 7 2 2 Melee 24 | . . . . . . 2 11 7 2 2 Guns 15 | . 15 . . . . . . . . . Classes Destroyed 10 | . 3 . . . 2 2 2 1 . . Worker 3 | . 2 . . . . . 1 . . . Builder 2 | . . . . . . . 1 1 . . Hauler 2 | . . . . . . 2 . . . . Recycler 5 | . . . . . 2 . 2 1 . . Watcher 5 | . . . . . 1 . 4 . . . Swarmer 8 | . 3 . . . . . 3 . . 2 Grunt 17 | . 12 . . . 1 1 . 3 . . Sentry 5 | . . . . . . . 2 3 . . Hunter 1 | . . . . . . . . 1 . . Programmer 9 | . . . . . . 1 6 . 2 . Best Kill Streak 6 | . 6 . . . 2 2 6 5 2 2 Combat Bots Only 6 | . 6 . . . 1 1 5 4 2 2 Max Kills in Single Turn 1 | . 1 . . . 1 1 1 1 1 1 Gunslinging . | . . . . . . . . . . . Exploded . | . . . . . . . . . . . Melee 1 | . . . . . . 1 1 1 1 1 Uniques/NPCs Destroyed . | . . . . . . . . . . . Combat | -11 -10 -10 -10 -9 -8 -7 -6 -6 -5 -5 -------- Run | Yrd Mat Min Exi Min Mat Fac Fac Ext Fac Upp Hostile Shots Fired 448 | . 102 5 . . 3 9 78 156 23 72 Missed 168 | . 38 3 . . 2 4 27 66 7 21 Hits 280 | . 64 2 . . 1 5 51 90 16 51 Projectile 280 | . 64 2 . . 1 5 51 90 16 51 Critical Strikes 7 | . . . . . . 1 1 1 2 2 Part Disruptions 1 | . . . . . . . 1 . . . Damage Taken 3671 | . 636 20 . . 15 71 619 1067 290 953 Core 934 | . 155 10 . . . 43 226 205 33 262 Absorbed by Shields 52 | . . . . . . . . 20 32 . Core Remaining (%) 75 | 100 . . . 34 100 93 . 49 . . Volleys Fired 70 | . 55 . . . 3 . 4 4 4 . Largest 2 | . 2 . . . 1 . 2 2 1 . Hottest 170 | . 60 . . . 60 . 170 170 40 . Shots Fired 128 | . 109 . . . 3 . 6 6 4 . Gun 121 | . 109 . . . . . 6 6 . . Cannon 4 | . . . . . 3 . . . 1 . Launcher . | . . . . . . . . . . . Special 3 | . . . . . . . . . 3 . Kinetic 99 | . 98 . . . . . . . 1 . Thermal 15 | . . . . . 3 . 6 6 . . Explosive . | . . . . . . . . . . . Electromagnetic 11 | . 11 . . . . . . . . . Robot Hit Streak 7 | . 7 . . . 2 . . 2 4 . Robot Miss Streak 3 | . 3 . . . 2 . . 3 . . Penetration Max . | . . . . . . . . . . . Secondary Targets 2 | . 2 . . . . . . . . . Max Gunslinging Chain 1 | . 1 . . . . . . . . . Shots Hit Robots 176 | . 69 . . . 9 13 42 31 6 6 Core Hits 77 | . 35 . . . 1 3 20 13 2 3 Critical Kills . | . . . . . . . . . . . Critical Parts Destroyed 3 | . 1 . . . 2 . . . . . Critical Strikes 17 | . 1 . . . 2 . 7 6 1 . Destroy 1 | . 1 . . . . . . . . . Smash 2 | . . . . . 2 . . . . . Sever 14 | . . . . . . . 7 6 1 . Melee Attacks 203 | . . . . . 11 21 78 66 19 8 Impact 18 | . . . . . 11 7 . . . . Slashing 185 | . . . . . . 14 78 66 19 8 Piercing . | . . . . . . . . . . . Sneak Attacks 20 | . . . . . 1 4 11 3 1 . Combat Hostiles 3 | . . . . . . 1 1 . 1 . Follow-up Attacks . | . . . . . . . . . . . Damage Inflicted 5592 | . 777 . . . 389 608 2105 1307 162 244 Guns 832 | . 772 . . . . . . 60 . . Cannons 23 | . . . . . 23 . . . . . Explosions . | . . . . . . . . . . . Melee 4714 | . . . . . 366 608 2105 1229 162 244 Ramming 23 | . 5 . . . . . . 18 . . Kinetic 674 | . 674 . . . . . . . . . Thermal 83 | . . . . . 23 . . 60 . . Explosive . | . . . . . . . . . . . Electromagnetic 98 | . 98 . . . . . . . . . Impact 411 | . . . . . 366 45 . . . . Slashing 4303 | . . . . . . 563 2105 1229 162 244 Piercing . | . . . . . . . . . . . Highest Corruption 5 | . 2 2 2 2 3 . 5 5 . . Average Corruption 3 | . 2 2 2 2 1 . 2 5 . . Corruption Purged . | . . . . . . . . . . . Corruption Blocked . | . . . . . . . . . . . Effects 88 | . 13 2 2 1 8 . 20 42 . . Message Errors 25 | . 5 . 1 . 2 . 8 9 . . Matter Fused 22 | . 4 1 . . 2 . 5 10 . . Heat Flow Errors 10 | . 1 . . 1 . . 1 7 . . Energy Discharges 6 | . 1 . . . 2 . . 3 . . Parts Rejected 2 | . . . . . . . . 2 . . Parts Fused 1 | . . . . . . . . 1 . . Data Loss (minor) 14 | . 2 1 1 . . . 4 6 . . Data Loss (major) 5 | . . . . . 1 . 1 3 . . Misfires 1 | . . . . . . . . 1 . . Alerts 2 | . . . . . 1 . 1 . . . Overload Shots . | . . . . . . . . . . . Overflow Damage 612 | . . . . . 158 81 244 129 . . Projectiles . | . . . . . . . . . . . Explosions . | . . . . . . . . . . . Melee 612 | . . . . . 158 81 244 129 . . Knockbacks 3 | . . . . . 3 . . . . . Impact 3 | . . . . . 3 . . . . . Kinetic . | . . . . . . . . . . . Secondary . | . . . . . . . . . . . Self-Inflicted Damage . | . . . . . . . . . . . Shots . | . . . . . . . . . . . Rammed . | . . . . . . . . . . . Targets Rammed 4 | . 1 . . . . . . 3 . . Kicked 4 | . 1 . . . . . . 3 . . Crushed . | . . . . . . . . . . . Highest Temperature 295 | . 220 . . 116 36 4 220 295 16 9 Average Temperature 63 | . 28 . . 81 20 4 88 115 16 6 Received Heat Transfer 1232 | . 243 12 . . 9 63 30 529 100 246 Siege Activations . | . . . . . . . . . . . Martial Activations . | . . . . . . . . . . . Shielding Activations . | . . . . . . . . . . . Robots Disrupted . | . . . . . . . . . . . Combat Hostiles . | . . . . . . . . . . . Robots Corrupted 4 | . . . . . 3 1 . . . . Combat Hostiles 1 | . . . . . 1 . . . . . Parts Fried 3 | . . . . . 2 1 . . . . Impact Corruptions 9 | . . . . . 8 1 . . . . Robots Melted . | . . . . . . . . . . . Combat Hostiles . | . . . . . . . . . . . Parts Melted . | . . . . . . . . . . . Heat Transferred 187 | . . . . . 37 . . 150 . . Parts Sabotaged . | . . . . . . . . . . . Parts Stolen . | . . . . . . . . . . . Parts Stripped . | . . . . . . . . . . . Power Chain Reactions . | . . . . . . . . . . . Alert | -11 -10 -10 -10 -9 -8 -7 -6 -6 -5 -5 ------- Run | Yrd Mat Min Exi Min Mat Fac Fac Ext Fac Upp Maximum Alert Level 1 | . . . . . . . . . 1 . Low Security (%) 99 | 100 100 100 . 100 100 100 100 100 98 . Level 1 . | . . . . . . . . . 1 . Level 2 . | . . . . . . . . . . . Level 3 . | . . . . . . . . . . . Level 4 . | . . . . . . . . . . . Level 5 . | . . . . . . . . . . . High Security . | . . . . . . . . . . . Max Security . | . . . . . . . . . . . Peak Influence 258 | . 197 28 . . 20 30 132 59 258 . Initial 42 | . . 28 . . . 3 . 42 21 . Average 34 | . 117 7 . . 1 2 48 16 48 . Influence Increases 1907 | . 401 . . . 84 70 441 423 388 100 Destroy 0b10 Robot/C 800 | . 300 . . . 20 40 220 140 40 40 Destroy 0b10 Robot/NC 85 | . 10 . . . 15 10 40 10 . . Destroy Leader 204 | . 70 . . . 2 14 98 10 10 . Successful Hack 49 | . 21 . . . . . . 14 14 . Disable Machine 30 | . . . . . 15 . . 15 . . Anti-Garrison Action 150 | . . . . . . . . . 150 . Destroy Structure 64 | . . . . . 2 6 23 9 24 . Partial Spotted 30 | . . . . . 30 . . . . . Lose Combat Pursuer 495 | . . . . . . . 60 225 150 60 Influence Decreases 1735 | . 326 75 . . 76 78 354 465 175 186 Entered New Map 217 | . . 47 . . . 5 . 45 24 96 Time Decay 1262 | . 296 18 . . 76 73 324 294 141 40 Lost Part 230 | . 30 10 . . . . 30 100 10 50 Lost Ally 26 | . . . . . . . . 26 . . Squads Dispatched 18 | . 4 . . . . 2 7 2 3 . Investigation 3 | . 1 . . . . . 1 1 . . Extermination 6 | . . . . . . 1 4 . 1 . Reinforcement 7 | . 3 . . . . 1 2 1 . . Assault 2 | . . . . . . . . . 2 . Garrison . | . . . . . . . . . . . Intercept . | . . . . . . . . . . . Searches Triggered . | . . . . . . . . . . . Construction Impeded 1 | . . . . . . . . 1 . . Haulers Reinforced 2 | . . . . . . 1 1 . . . Active Scanning Responses . | . . . . . . . . . . . Cargo Convoy Interrupts . | . . . . . . . . . . . Stealth | -11 -10 -10 -10 -9 -8 -7 -6 -6 -5 -5 --------- Run | Yrd Mat Min Exi Min Mat Fac Fac Ext Fac Upp Distress Signals 13 | . 3 . . . 6 . 1 3 . . Communications Jammed . | . . . . . . . . . . . Distress Signals . | . . . . . . . . . . . Times Spotted 155 | . 40 4 . . 26 4 19 27 19 16 Peak Tracking Total 14 | . 8 3 . . 6 1 4 6 14 11 Tactical Retreats 31 | . 9 1 . . 4 . 3 11 2 1 ECM-based Alert Blocks 34 | . 18 4 . . 11 . . 1 . . Traps | -11 -10 -10 -10 -9 -8 -7 -6 -6 -5 -5 ------- Run | Yrd Mat Min Exi Min Mat Fac Fac Ext Fac Upp Traps Triggered 8 | . 2 . . . 2 . 1 3 . . Indirectly . | . . . . . . . . . . . Trap Hack Attempts . | . . . . . . . . . . . Triggered . | . . . . . . . . . . . Disarmed . | . . . . . . . . . . . Reprogrammed . | . . . . . . . . . . . Reused . | . . . . . . . . . . . Traps Extracted . | . . . . . . . . . . . Installed . | . . . . . . . . . . . Triggered . | . . . . . . . . . . . Machines | -11 -10 -10 -10 -9 -8 -7 -6 -6 -5 -5 ---------- Run | Yrd Mat Min Exi Min Mat Fac Fac Ext Fac Upp Machines Disabled 3 | . . . . . 1 . . 1 1 . Max in Single Turn 1 | . . . . . 1 . . 1 1 . Garrison Access 1 | . . . . . . . . . 1 . Machines Repaired . | . . . . . . . . . . . Machines Dismantled . | . . . . . . . . . . . Machines Sabotaged . | . . . . . . . . . . . Overloaded Fab Kills . | . . . . . . . . . . . Hacking | -11 -10 -10 -10 -9 -8 -7 -6 -6 -5 -5 --------- Run | Yrd Mat Min Exi Min Mat Fac Fac Ext Fac Upp Machines Accessed 16 | . 4 . 1 . 2 1 1 4 3 . Terminals 11 | . 3 . . . . 1 1 4 2 . Fabricators . | . . . . . . . . . . . Repair Stations . | . . . . . . . . . . . Recycling Units 1 | . 1 . . . . . . . . . Scanalyzers 1 | . . . . . 1 . . . . . Garrison Access 2 | . . . . . 1 . . . 1 . Total Hacks 26 | . 7 . 1 . 3 1 2 7 5 . Successful 11 | . 5 . 1 . 1 . . 3 1 . Failed 15 | . 2 . . . 2 1 2 4 4 . Catastrophic . | . . . . . . . . . . . Database Lockouts . | . . . . . . . . . . . Manual 12 | . 5 . 2 . . 1 2 . 2 . Terminals 18 | . 6 . . . . 1 2 7 2 . Fabricators . | . . . . . . . . . . . Repair Stations . | . . . . . . . . . . . Recycling Units 1 | . 1 . . . . . . . . . Scanalyzers 1 | . . . . . 1 . . . . . Garrison Access 5 | . . . . . 2 . . . 3 . Terminal Hacks 5 | . 1 . 1 . . . . 3 . . Prototype ID Bank 1 | . 1 . . . . . . . . . Open Door 3 | . . . . . . . . 3 . . Proto ID Catalog 1 | . . . 1 . . . . . . . Fabricator Hacks . | . . . . . . . . . . . Repair Station Hacks . | . . . . . . . . . . . Recycling Unit Hacks 1 | . 1 . . . . . . . . . Retrieve Matter 1 | . 1 . . . . . . . . . Scanalyzer 1 | . . . . . 1 . . . . . Retrieve Study 1 | . . . . . 1 . . . . . Garrison Access Hacks . | . . . . . . . . . . . Unauthorized Hacks 4 | . 3 . . . . . . . 1 . Terminals 4 | . 3 . . . . . . . 1 . Botnet 4 | . 3 . . . . . . . 1 . Fabricators . | . . . . . . . . . . . Repair Stations . | . . . . . . . . . . . Recycling Units . | . . . . . . . . . . . Scanalyzers . | . . . . . . . . . . . Garrison Access . | . . . . . . . . . . . Data Cores Recovered . | . . . . . . . . . . . Used . | . . . . . . . . . . . Hacking Detections 14 | . 4 . . . 1 1 1 4 3 . Full Trace Events . | . . . . . . . . . . . Feedback Events . | . . . . . . . . . . . Feedback Blocked . | . . . . . . . . . . . Robot Schematics Acquired . | . . . . . . . . . . . Robots Built . | . . . . . . . . . . . Authchips . | . . . . . . . . . . . Time . | . . . . . . . . . . . Total Robot Build Rating . | . . . . . . . . . . . Part Schematics Acquired . | . . . . . . . . . . . Parts Built . | . . . . . . . . . . . Authchips . | . . . . . . . . . . . Time . | . . . . . . . . . . . Total Part Build Rating . | . . . . . . . . . . . Part Studies Acquired 1 | . . . . . 1 . . . . . Parts Repaired . | . . . . . . . . . . . Time . | . . . . . . . . . . . Parts Recycled . | . . . . . . . . . . . Recycled Matter . | . . . . . . . . . . . Retrieved Matter 27 | . 27 . . . . . . . . . Retrieved Components . | . . . . . . . . . . . Parts Scanalyzed . | . . . . . . . . . . . Part Schematics Acquired . | . . . . . . . . . . . Parts Damaged . | . . . . . . . . . . . Bothacking | -11 -10 -10 -10 -9 -8 -7 -6 -6 -5 -5 ------------ Run | Yrd Mat Min Exi Min Mat Fac Fac Ext Fac Upp Used RIF Installer . | . . . . . . . . . . . Robots Hacked 1 | . . . . . . . . . 1 . Non-combat 1 | . . . . . . . . . 1 . Combat . | . . . . . . . . . . . Robot Hacks Applied 3 | . . . . . . . . . 3 . parse_system 1 | . . . . . . . . . 1 . no_distress 1 | . . . . . . . . . 1 . find_recycling 1 | . . . . . . . . . 1 . Relay Couplers Released 1 | . . . . . . . . . 1 . Machine Destruction 1 | . . . . . . . . . 1 . Fabnet Peak Effective % . | . . . . . . . . . . . Robots Rewired . | . . . . . . . . . . . Allies Hacked . | . . . . . . . . . . . Hacks Repelled . | . . . . . . . . . . . Allies | -11 -10 -10 -10 -9 -8 -7 -6 -6 -5 -5 -------- Run | Yrd Mat Min Exi Min Mat Fac Fac Ext Fac Upp Total Allies 4 | . . . . . . . . 4 . . Largest Group 3 | . . . . . . . . 3 . . Highest-Rated Group 229 | . . . . . . . . 229 . . Highest-Rated Ally 159 | . . . . . . . . 159 . . Total Orders . | . . . . . . . . . . . Ally Attacks 36 | . . . . . . . . 36 . . Total Damage 482 | . . . . . . . . 482 . . Kills . | . . . . . . . . . . . Allies Corrupted . | . . . . . . . . . . . Allies Melted . | . . . . . . . . . . . Intel | -11 -10 -10 -10 -9 -8 -7 -6 -6 -5 -5 ------- Run | Yrd Mat Min Exi Min Mat Fac Fac Ext Fac Upp Active Infowar (turns) 6762 | . 713 68 242 123 1049 686 1635 1520 636 90 Optics 726 | . . . . . . . . . 636 90 Terrain 3460 | . . . . . 586 . 1354 1520 . . Traps 1400 | . . . . . 13 596 791 . . . ECM 3097 | . 713 68 242 123 996 683 175 97 . . Robot Analysis Total . | . . . . . . . . . . . Derelict Logs Recovered 1 | . . . . 1 . . . . . . Drone Launches . | . . . . . . . . . . . Drone Recoveries . | . . . . . . . . . . . Exploration | -11 -10 -10 -10 -9 -8 -7 -6 -6 -5 -5 ------------- Run | Yrd Mat Min Exi Min Mat Fac Fac Ext Fac Upp Turns Passed 7397 | 116 734 68 242 123 1049 686 1635 1695 959 90 Spaces Moved 6197 | 55 443 120 460 174 977 720 1305 1299 573 71 Core 12 | 11 . . . . . . . 1 . . Treads . | . . . . . . . . . . . Legs 2906 | 44 443 3 120 85 . . 376 1191 573 71 Wheels . | . . . . . . . . . . . Hover 1056 | . . . . . . 127 929 . . . Flight 2223 | . . 117 340 89 977 593 . 107 . . Fastest Speed 34 | 50 120 37 37 37 37 37 52 34 82 82 Average Speed 75 | 106 120 40 50 62 37 40 73 92 145 91 Slowest Speed 250 | 120 120 190 90 90 37 60 116 250 170 110 Overloaded Moves 108 | . . . . . . . . 24 38 46 Propulsion Burnouts . | . . . . . . . . . . . Robots Hopped 3 | . . . . . 3 . . . . . Potential Cave-ins . | . . . . . . . . . . . Cave-ins Triggered . | . . . . . . . . . . . Exploration Rate (%) 41 | 6 74 49 90 51 44 19 25 64 11 19 Regions Visited 10 Branch Regions 5 Pre-discovered Areas 1 | . . . . 1 . . . . . . Known Exits Taken 2 | . . . . . . . . 1 1 . Unknown Exits Taken 8 | 1 1 1 1 1 1 1 1 . . . Scrap Searched . | . . . . . . . . . . . Spaces Dug 47 | . . . . . 2 6 23 7 9 . Terrain Destroyed 47 | . . . . . 2 6 23 7 9 . Melee 46 | . . . . . 2 6 23 7 8 . Projectile 1 | . . . . . . . . . 1 . AOE . | . . . . . . . . . . . Terrain Rammed . | . . . . . . . . . . . Walls Destroyed . | . . . . . . . . . . . Machines Disabled . | . . . . . . . . . . . Actions | -11 -10 -10 -10 -9 -8 -7 -6 -6 -5 -5 --------- Run | Yrd Mat Min Exi Min Mat Fac Fac Ext Fac Upp Total 8621 | 112 547 140 470 187 1647 1092 1936 1734 672 84 Wait 1839 | 45 32 13 1 6 614 314 485 285 43 1 Move 6181 | 54 442 119 459 173 970 719 1304 1298 572 71 Hop 3 | . . . . . 3 . . . . . Pick Up 116 | 7 10 . 4 1 15 14 21 28 15 1 Fast Attach . | . . . . . . . . . . . Attach 87 | 6 5 3 1 1 14 8 18 21 9 1 Detach 27 | . 1 2 . 2 6 3 6 5 2 . Swap 20 | . 1 . 2 2 . 1 6 8 . . Drop 69 | . . 3 3 2 11 12 14 14 8 2 Fire 70 | . 55 . . . 3 . 4 4 4 . Melee 203 | . . . . . 11 21 78 66 19 8 Ram . | . . . . . . . . . . . Kick 4 | . 1 . . . . . . 3 . . Crush . | . . . . . . . . . . . Escape Stasis 2 | . . . . . . . . 2 . . Rewire . | . . . . . . . . . . . Trap . | . . . . . . . . . . . Miscellaneous . | . . . . . . . . . . . Route ------- -11/Scrapyard -10/Materials (discovered 3 exits: [*Mat x2] / [*Min]) -10/Mines -10/Exiles -9/Mines -8/Materials (discovered 2 exits: *Fac / [*Sto]) -7/Factory -6/Factory -6/Extension (discovered 2 exits: *Fac / *Cet) -5/Factory (discovered 2 exits: [*Fac] / *Upp) -5/Upper Caves History --------- Turn | Location | Event 8 | -11/Scrapyard | Discovered new exit (range 15) 117 | -11/Scrapyard | Entered Materials 302 | -10/Materials | Build established: Mutant 304 | -10/Materials | Discovered new exit (range 7) 440 | -10/Materials | Discovered new exit (range 12) 552 | -10/Materials | Discovered new exit (range 10) 826 | -10/Materials | Core integrity fell below 50% 851 | -10/Materials | Entered Mines 917 | -10/Mines | Deemed a non-threat by the Exiles lab entrance 917 | -10/Mines | Discovered new exit (range 5) 919 | -10/Mines | Entered Exiles 928 | -10/Exiles | Met 8R-AWN 935 | -10/Exiles | Met EX-HEX 949 | -10/Exiles | Met EX-DEC 962 | -10/Exiles | Visited The Gauntlet 1029 | -10/Exiles | Met EX-BIN 1034 | -10/Exiles | Aligned with FarCom system 1035 | -10/Exiles | Given EX-Vault access code 1044 | -10/Exiles | Opened EX-Vault 1046 | -10/Exiles | Found Potential Leg 1047 | -10/Exiles | Found Potential Leg 1069 | -10/Exiles | Warned to stay clear of 0b10 Research branches 1151 | -10/Exiles | Discovered new exit (range 14) 1161 | -10/Exiles | Left Exiles lab with Potential Leg 1161 | -10/Exiles | Entered Mines 1270 | -9/Mines | Discovered new exit (range 10) 1276 | -9/Mines | Learned location of Storage (-8) 1284 | -9/Mines | Entered Materials 1284 | -8/Materials | Evolved 4 slots: Utility x4 1507 | -8/Materials | Discovered new exit (range 8) 1648 | -8/Materials | Discovered new exit (range 16) 2333 | -8/Materials | Entered Factory 2333 | -7/Factory | Evolved 2 slots: Propulsion x1, Utility x1 3007 | -7/Factory | Discovered new exit (range 11) 3019 | -7/Factory | Entered another Factory area 3019 | -6/Factory | Evolved 2 slots: Power x1, Utility x1 3672 | -6/Factory | Build established: Scout 3939 | -6/Factory | Lost 3 parts (1p1n1u) 4159 | -6/Factory | Discovered new exit (range 15) 4196 | -6/Factory | Build established: Assassin 4654 | -6/Factory | Entered Extension 4856 | -6/Extension | Rescued a captive Derelict 5354 | -6/Extension | Spotted B-75 Beast 5895 | -6/Extension | Lost 3 parts (1p1n1w) 5953 | -6/Extension | Rescued a captive Derelict 5954 | -6/Extension | Rescued a captive Derelict 5978 | -6/Extension | Rescued A7 6019 | -6/Extension | Spotted B-75 Beast 6058 | -6/Extension | Lost 3 allies 6231 | -6/Extension | Core integrity fell below 50% 6261 | -6/Extension | Lost 5 parts (3n2u) 6285 | -6/Extension | Discovered new exit (range 16) 6285 | -6/Extension | Discovered new exit (range 16) 6306 | -6/Extension | Identified exit to Factory 6308 | -6/Extension | Identified exit to Cetus 6349 | -6/Extension | Entered Factory 6349 | -5/Factory | Evolved 2 slots: Weapon x2 6521 | -5/Factory | Build established: Mutant 6614 | -5/Factory | Discovered new exit (range 8) 6764 | -5/Factory | Discovered new exit (range 19) 7307 | -5/Factory | Identified exit to Upper Caves 7308 | -5/Factory | Entered Upper Caves 7398 | -5/Upper Caves | Self-destructed Last Messages --------------- 07316_ Critical hit (Burn: +37). 07364_ S-27 Virus springs to life. 07365_ Penetrated by Slug. 07365_ Slug penetrates Wall. 07378_ S-27 Virus destroyed. 07382_ Remote Datajack destroyed. 07384_ Lgt. Nuclear Core fries itself beyond repair. 07384_ S-27 Virus destroyed. 07387_ Acquired 29 matter. 07387_ Thunder Leg destroyed. 07387_ Penetrated by Slug. 07387_ Slug penetrates Wall. 07388_ Angular Momentum Engine destroyed. 07389_ Autogun fries itself beyond repair. 07393_ VTOL Module fries itself beyond repair. 07393_ Lgt. Nuclear Core fries itself beyond repair. 07393_ Penetrated by Slug. 07393_ Mic. Fission Core destroyed. 07393_ Slug penetrates Wall. 07395_ Gauss Cannon destroyed. Map ----- +----------------------------------------------------+ | ?????????????????????????????????????????????????? | | ?????????????????????????????????????????????????? | | ?????????????????????????????????????????????????? | | ?????????????????????????????????????????????????? | | ?????????????????????????????????????????????????? | | ?????????????????????????????????????????????????? | | ?????????????????????????????????????????????????? | | ?????????????????????????????????????????????????? | | ?????????????????????????????????????????????????? | | ?????????????????????????????????????????????????? | | ?????????????????????????????????????????????????? | | ?????????????????????????????????????????????????? | | ?????????????????????????????????????????????????? | | ?????????????????????????????????????????????????? | | ?????????????????????????????????????????????????? | | ?????????????????????????????????????????????????? | | ????????????????????????###??????????????????????? | | ????????????????????????# #??????????????????????? | | ????????????????????????# #??????????????????????? | | ???????????????????????##;##????????????????????## | | ?????????????????????### ##??#######????????### | | ?????????????????????# #??# #???###### | | ?????????????????????# #??# #???# ## | | ????????????????????## #???# #??## | | ????????????????????# #?????# ##?# | | ???????????????????## % @##??????# ### | | ??????????????????## ggY######### | | ??????????????????# sg g $ | | ?????????????????# g g | | ?????????????????# ## #######//####### | | ?????????????????# #?# #???? #????# | | ?????????????????# ?# #??? #????# ## | | ?????????????????# ? #?? ####/#????# ## | | ?????????????????## #"" ???? ????# | | ??????????????????# #" ????? ???# | | ?????????????????# + ?????? """??# | | ?????????????????## ## + ??????? """ ?# | | ??????????????????###?## +???????? """ # | | ???????????????????????# +???????? """ # ## | | ???????????????????????# #???????? # #### | | ???????????????????????# #????????? ?? # #??# | | ???????????????????????## #?????????#"???# #??## | | ????????????????????????# #??????????????# #???# | | ????????????????????????# #??????????????# #???? | | ????????????????????????# ???????????????# #???? | | ????????????????????????? ??????????????? #???? | | ????????????????????????? ??????????????? ????? | | ????????????????????????? ???????????????###????? | | ?????????????????????????# ??????????????????????? | | ?????????????????????????????????????????????????? | +----------------------------------------------------+ Best States ------------- Heat Dissipation 70 Coolant Potential 65 Energy Generation 35 Energy Capacity 465 Matter Stores 300 Matter Capacity 300 Sight Range 22 Terrain Scan Range 20 Terrain Scan Density 110 ECM Strength 2 Additional Mass Support 9 Resistance: KI 25 Melee Speed Boost 40 Evasion (%) 73 Melee Accuracy 16 Target Analysis 8 Particle Charging 20 Salvage Targeting 1 Item Schematics ----------------- None Robot Schematics ------------------ None Fabricated ------------ Nothing Repaired ---------- Nothing Studied --------- Flight Unit | -8/Materials | Hacked Alien Tech Used ----------------- None Achievements -------------- Ghost 'Em Junior Dev Prison Break Sixth Sense Sprinter Challenges ------------ None Game ------ Seed LargeShadingDissipator Manual? 0 Play Time 01:40:59 Cumulative 37.2 hours Start 2025.11.12 @ 03:25:23 End 2025.11.12 @ 05:12:38 Sessions 3 Manual Loads 0 Difficulty Rogue Special Mode None Game No. 31 Rogue 6 Adventurer 18 Explorer 7 Win Type - Total 1 Types 1/0/0/0/0/0/0/0/0/0 Lore% 13 Gallery% 23 Achievement% 19 Wizard Run 0 Options --------- Layout 1 ASCII 0 Keyboard 1 Movement Numpad Keybinds 0 Fullscreen 1 Font 32/SmallcapsGlow Map View 77x35 Zoom Use 3% Tactical HUD 1 Map Filters NONE Filters NONE Steam 1 RUN: 5dbcd6da-c52f-463b-8aaf-ae05a287b379